 Dungeon Crawl Stone Soup version 0.29-a0-303-ge4682ce883 (console) character file.

Game seed: 8163731700714021085

1288 Ignak the Skirmisher (level 8, -3/81 HPs)
             Began as an Ogre Warper on Mar 25, 2022.
             Was a Follower of Okawaru.
             Slain by a sun demon (19 damage)
             ... summoned by a kobold demonologist
             ... on level 5 of the Dungeon.
             The game lasted 00:19:02 (7877 turns).

Ignak the Skirmisher (Ogre Warper)                  Turns: 7877, Time: 00:19:02

Health: -3/81      AC:  4    Str: 24    XL:     8   Next: 55%
Magic:  7/15       EV: 14    Int: 14    God:    Okawaru [*.....]
Gold:   272        SH:  0    Dex:  8    Spells: 3/16 levels left

rFire   . . .      SeeInvis .   C - +6 great mace (spect)
rCold   . . .      Faith    .   (shield currently unavailable)
rNeg    . . .      Spirit   .   b - +1 robe
rPois   .          Reflect  .   (helmet restricted)
rElec   .          Harm     .   (no cloak)
rCorr   .          Rampage  .   (gloves unavailable)
Will    .....                   (boots unavailable)
Stlth   +.........              m - amulet of magic regeneration
HPRegen 0.23/turn               n - +4 ring of evasion
MPRegen 0.54/turn               f - +6 ring of strength

@: about to teleport
A: large, unfitting armour, tough skin 1, MP-powered wands, noise suppression
a: Renounce Religion, Heroism


You were on level 5 of the Dungeon.
You worshipped Okawaru.
Okawaru was aware of your devotion.
You visited 2 branches of the dungeon, and saw 6 of its levels.

You collected 272 gold pieces.

Inventory:

Hand Weapons
 a - a +0 mace
 e - a +2 flail of draining
 r - a +5 spectral giant spiked club
 z - a +2 dagger of venom
 C - a +6 spectral great mace (weapon)
Missiles
 d - 7 boomerangs of dispersal
 p - 3 javelins (quivered)
 y - 3 silver boomerangs
Armour
 b - a +1 robe (worn)
Magical Staves
 k - a staff of air
Jewellery
 f - a +6 ring of strength (right hand)
 m - an amulet of magic regeneration (around neck)
 n - a +4 ring of evasion (left hand)
 u - a ring of flight
Wands
 s - a wand of acid (3)
 x - a wand of flame (3)
 D - a wand of polymorph (1)
Scrolls
 c - 2 scrolls of blinking
 h - a scroll of enchant armour
 i - 2 scrolls of amnesia
 j - 2 scrolls of teleportation
 l - a scroll of magic mapping
 q - a scroll of holy word
Potions
 g - a potion of might {unknown}
 o - a potion of cancellation
 t - a potion of brilliance
 v - a potion of haste
 w - a potion of resistance
 A - a potion of mutation
 B - a potion of curing


   Skills:
 + Level 5.4 Fighting
 * Level 5.1 Maces & Flails
 - Level 2.0 Throwing
 + Level 4.0 Dodging
 - Level 1.2 Unarmed Combat
 + Level 4.7 Spellcasting
 + Level 2.5 Necromancy
 + Level 4.3 Translocations


You had 3 spell levels left.
You knew the following spells:

 Your Spells              Type           Power      Damage    Failure   Level
a - Teleport Other        Tloc           15%        N/A       9%          3
b - Blink                 Tloc           30%        N/A       4%          2
c - Vampiric Draining     Necr           10%        2d6       19%         3
z - Manifold Assault      Tloc           15%        N/A       63%         5

Your spell library contained the following spells:

 Spells                   Type           Power      Damage    Failure   Level
 Pain                     Necr           40%        1d6       6%          1
 Gell's Gravitas          Tloc           15%        N/A       9%          3
 Lesser Beckoning         Tloc           15%        N/A       9%          3
 Foxfire                  Conj/Fire      12%        2x1d4     19%         1
 Conjure Flame            Conj/Fire      3%         6-21      47%         3
 Inner Flame              Hex/Fire       3%         N/A       47%         3
 Passage of Golubria      Tloc           15%        N/A       30%         4
 Flame Wave               Conj/Fire      3%         2d4       87%         4
 Silence                  Hex/Air        1%         N/A       99%         5
 Lehudib's Crystal Spear  Conj/Erth      1%         10d2      100%        8
 Animate Skeleton         Necr           Unusable   N/A       N/A         1

Dungeon Overview and Level Annotations

Branches:
Dungeon (5/15)             Temple (1/1) D:4

Altars:
Ashenzari
Cheibriados
Fedhas
Gozag
Kikubaaqudgha
Okawaru
Qazlal
Ru
Sif Muna
Vehumet
Wu Jian
Xom
Yredelemnul
The Shining One

Annotations:
D:4 1 runed translucent door, witty6's ghost, amateur MiBe


Innate Abilities, Weirdness & Mutations

You are too large for most types of armour.
You have tough skin. (AC +1)
You expend magic power (3 MP) to strengthen your wands.
You passively dampen the noise of your surroundings.


Message History

The bolt of acid hits the ufetubus!
You kill the ufetubus!
The ufetubus disappears in a puff of smoke!
The bolt of acid misses the ufetubus.
The bolt of acid hits the kobold demonologist!
The acid corrodes the kobold demonologist!
The kobold demonologist is moderately wounded.
The kobold demonologist shouts!
You hear a shout!
You closely miss the ufetubus.
Your +6 spectral great mace barely misses the ufetubus.
The ufetubus misses you. The ufetubus closely misses you.
The sun demon barely misses your +6 spectral great mace.
A kobold comes into view.
It is wielding a +0 short sword and quivering poisoned darts.
The kobold demonologist begins to cast a cantrip, but forgets the words!
The ufetubus misses you.
The ufetubus hits you but does no damage.
The ufetubus attacks as you move away! The ufetubus misses you.
The ufetubus completely misses you. The ufetubus attacks as you move away!
The ufetubus hits you but does no damage.
The ufetubus closely misses you.
The kobold shouts!
The kobold demonologist mumbles some strange words.
There is an open door here.
You closely miss the sun demon.
Your +6 spectral great mace barely misses the sun demon.
The sun demon barely misses you. The sun demon hits you!
You are engulfed in flames!
Unknown command.
Press: ? - help, v - describe, . - travel
Here: a sun demon (summoned)
The floor, spattered with blood.
As you read the scroll of teleportation, it crumbles to dust.
You feel strangely unstable. The sun demon misses you.
You closely miss the sun demon.
Your +6 spectral great mace hits the sun demon.
The sun demon hits you!
You are engulfed in flames!
The sun demon hits you!
* * * LOW HITPOINT WARNING * * *
You are engulfed in flames!!
You die...

####### ### #.....# #.##
#.....# #..## #.....# #...##
#.....# ###....###
...#####..K45#######.#..#....
#KK.K5..[#5##...##._..######
+...KK.K.#K3....###.#..#....
#........#.@(...# ###....###
#........#......# #...####
#........#......# #..####.
#........#......#####.####..
##.......#......##.#### #...
#.......#####'###.######'##
+.......#..................
#..................
#........>.........


You could see a sun demon (summoned), an orange demon (summoned), a kobold
demonologist, a white imp (summoned), a kobold and a friendly +6 spectral great
mace (summoned).

Vanquished Creatures
  Sigmund (D:5)
  The ghost of lennort the Gusty, an amateur DrAE (D:3)
  An acid dragon (D:5)
  A sky beast (D:5)
  2 ogres (D:3)
  Blork the orc (D:5)
  A scorpion (D:5)
  A necrophage (D:4)
  A hound (D:4)
  A jelly (D:3)
  An orc priest (D:4)
  3 iguanas
  Terence (D:2)
  2 orc wizards
  3 gnolls (D:4)
  5 adders
  A white imp (D:5)
  2 ufetubi (D:5)
  A worm (D:3)
  4 dart slugs
  13 orcs
  8 ball pythons
  9 endoplasms
  4 giant cockroaches
  7 goblins
  8 hobgoblins
  A quokka (D:1)
  4 bats
  3 frilled lizards
  10 kobolds
  11 rats
112 creatures vanquished.

Vanquished Creatures (others)
  8 toadstools (D:3)
8 creatures vanquished.

Grand Total: 120 creatures vanquished

Notes
Turn   | Place    | Note
-------+----------+-------------------------------------------
     0 | D:1      | Ignak the Ogre Warper began the quest for the Orb.
     0 | D:1      | Reached XP level 1. HP: 22/22 MP: 3/3
   283 | D:1      | Reached XP level 2. HP: 29/29 MP: 5/5
   287 | D:1      | Learned a level 2 spell: Blink
  1024 | D:1      | Reached XP level 3. HP: 36/36 MP: 7/7
  1660 | D:2      | Learned a level 3 spell: Teleport Other
  1693 | D:2      | Noticed Terence
  1699 | D:2      | Killed Terence
  1700 | D:2      | Reached XP level 4. HP: 45/45 MP: 8/8
  1713 | D:2      | Gained mutation: You passively dampen the noise of your
                  | surroundings. [potion of mutation]
  1713 | D:2      | Gained mutation: You expend magic power (3 MP) to
                  | strengthen your wands. [potion of mutation]
  2594 | D:3      | Reached skill level 1 in Unarmed Combat
  2594 | D:3      | Reached XP level 5. HP: 46/53 MP: 9/9
  2656 | D:3      | Found a transporter.
  2656 | D:3      | Noticed lennort's ghost (amateur DrAE)
  2656 | D:3      | Noticed an ogre
  2658 | D:3      | Noticed an ogre
  2663 | D:3      | Found a transporter.
  2717 | D:3      | Found a broken altar of Ashenzari.
  3315 | D:3      | Learned a level 3 spell: Vampiric Draining
  3637 | D:3      | Reached XP level 6. HP: 8/61 MP: 5/10
  4887 | D:3      | Killed lennort's ghost
  4888 | D:3      | Reached skill level 1 in Necromancy
  4915 | D:3      | Reached XP level 7. HP: 36/70 MP: 12/12
  5133 | D:4      | Identified a scroll of acquirement
  5133 | D:4      | Acquired a +5 spectral giant spiked club
  5370 | D:4      | Learned a level 5 spell: Manifold Assault
  5435 | D:4      | Found a staircase to the Ecumenical Temple.
  5444 | Temple   | Entered the Ecumenical Temple
  5778 | D:4      | Found a stormy altar of Qazlal.
  6229 | D:4      | Found a runed translucent door.
  6798 | D:4      | Noticed witty6's ghost (amateur MiBe)
  6840 | D:5      | Entered Level 5 of the Dungeon
  6869 | D:5      | Noticed Sigmund
  6873 | D:5      | Killed Sigmund
  6874 | D:5      | Reached XP level 8. HP: 79/79 MP: 9/14
  7038 | D:5      | Found an iron altar of Okawaru.
  7045 | D:5      | Became a worshipper of Warmaster Okawaru
  7172 | D:5      | Reached skill level 5 in Fighting
  7470 | D:5      | Noticed Blork the orc
  7476 | D:5      | Killed Blork the orc
  7622 | D:5      | Reached * piety under Okawaru
  7623 | D:5      | Reached skill level 5 in Maces & Flails
  7783 | D:5      | Found a glowing golden altar of the Shining One.
  7860 | D:5      | Noticed a kobold demonologist
  7865 | D:5      | Noticed a sun demon
  7868 | D:5      | Noticed a kobold demonologist
  7873 | D:5      | Noticed an orange demon
  7877 | D:5      | Slain by a sun demon

Illustrated notes

Levels and vault maps discovered:
D:1:      eino_arrival_tree_alley, layout_basic
D:2:      layout_basic, uniq_terence
D:3:      cheibrodos_fertilizer, layout_loops_ring, cheibrodos_ashenzari_chains,
          gammafunk_ghost_smash
D:4:      layout_layer_cave, lemuel_crystal_altar, minmay_temple_entry_grid,
          ebering_ghost_reflecting_pool
D:5:      layout_gridville, nicolae_tso_swordbearing_angel,
          nicolae_overflow_crystal_walls, ebering_ghost_reflecting_pool,
          kennysheep_generic_room_3, uniq_crazy_yiuf_cottage, uniq_sigmund,
          uniq_blork_the_orc
Temple:   dpeg_chambers_temple

Skill      XL: |  1  2  3  4  5  6  7  8 |
---------------+-------------------------+-----
Maces & Flails | 2 3 4 5 |  5.1
Fighting       | 3 4 5 |  5.4
Translocations | 3 4 |  4.3
Unarmed Combat | 1 |  1.2
Spellcasting   | 3 4 |  4.7
Throwing       | 2 |  2.0
Dodging        | 3 4 |  4.0
Necromancy     | 1 2 |  2.5

Action                   |  1- 3 |  4- 6 |  7- 9 || total
-------------------------+-------+-------+-------++-------
Melee: Mace              |    92 |   125 |       ||   217
       Punch             |     1 |     3 |       ||     4
       Great mace        |       |     5 |    45 ||    50
Throw: Javelin           |       |     5 |       ||     5
 Cast: Blink             |       |     5 |       ||     5
       Teleport Other    |       |     4 |       ||     4
Evoke: Wand              |     2 |     5 |    13 ||    20
  Use: Potion            |       |     7 |       ||     7
       Scroll            |       |     4 |     9 ||    13
 Stab: Sleeping          |     1 |       |       ||     1
Armor: Robe              |    37 |    37 |    11 ||    85
Dodge: Dodged            |    56 |    70 |    22 ||   148

Table legend: (Time is in decaauts)
 A = Elapsed time spent in this place.
 B = Non-inter-level travel time spent in this place.
 C = Inter-level travel time spent in this place.
 D = Time resting spent in this place.
 E = Time spent auto-exploring this place.
 F = Levels seen in this place.
 G = Mean time per level.
                   A        B        C        D        E       F      G
               +--------+--------+--------+--------+--------+-----+--------+
         Total |   7963 |   7872 |     91 |   2111 |   3824 |   6 | 1327.2 |
       Dungeon |   7719 |   7628 |     91 |   2111 |   3634 |   5 | 1543.8 |
        Temple |    244 |    244 |      0 |      0 |    190 |   1 |  244.0 |
               +--------+--------+--------+--------+--------+-----+--------+

Top non-repeatable levels by time:
     D:3: 2985 daAuts
     D:4: 1378 daAuts
     D:1: 1244 daAuts
     D:2: 1066 daAuts
     D:5: 1044 daAuts
  Temple: 244 daAuts
